 Dungeon Crawl Stone Soup version 0.25-a0-663-gace7076f2c (webtiles) character file.

Game seed: 11833492009483913216, levelgen mode: deterministic

102720 wub the Warrior (level 15, 0/155 HPs)
             Began as a Minotaur Fighter on Mar 25, 2020.
             Was the Champion of Wu Jian.
             Succumbed to a naga warrior's poison
             ... on level 4 of the Snake Pit.
             The game lasted 01:14:20 (22209 turns).

wub the Warrior (Minotaur Fighter)                 Turns: 22209, Time: 01:14:21

Health: 0/155      AC: 34    Str: 30    XL:     15   Next: 87%
Magic:  14/14      EV: 17    Int:  7    God:    Wu Jian [******]
Gold:   1079       SH: 21    Dex: 17    Spells: 14/14 levels left

rFire    . . .     SeeInvis +   h - +4 flail
rCold    . . .     Gourm    .   c - +0 kite shield
rNeg     . . .     Faith    .   J - +8 plate armour "Wodghif" {Int+5 Dex+3 Stlth+}
rPois    .         Spirit   .   n - +1 hat
rElec    .         Reflect  +   A - +2 cloak
rCorr    .         Harm     .   y - +0 pair of gloves (curse)
MR       +....     Rnd*Tele +   (no boots)
Stlth    ..........             N - +6 amulet of reflection
HPRegen  0.75/turn              l - ring of Plog {*Tele Str+5 Int-3 Dex+4 Slay+3}
MPRegen  0.14/turn              o - +4 ring of evasion

@: lethally poisoned (0 -> -2)
A: retaliatory headbutt, horns 2, molten scales 1, see invisible, regeneration
1, weak 1
a: Wall Jump, Serpent's Lash, Heavenly Storm, Renounce Religion


You were on level 4 of the Snake Pit.
You worshipped Wu Jian.
Wu Jian was exalted by your worship.
You were not hungry.

You visited 4 branches of the dungeon, and saw 20 of its levels.
You also visited: Sewer.

You collected 1595 gold pieces.
You spent 516 gold pieces at shops.

Inventory:

Hand Weapons
 h - a +4 flail (weapon)
Armour
 c - a +0 kite shield (worn)
 m - a +0 pair of gloves
 n - a +1 hat (worn)
 y - a cursed +0 pair of gloves (worn)
 A - a +2 cloak (worn)
 F - the +2 cloak of the Thief {+Fog Slay-2 SInv Stlth+}
   (You found it on level 6 of the Dungeon)

   It affects your accuracy and damage with ranged weapons and melee attacks
   (-2).
   It lets you see invisible.
   It makes you more stealthy.
 J - the +8 plate armour "Wodghif" (worn) {Int+5 Dex+3 Stlth+}
   (You took it off an orc warrior on level 7 of the Dungeon)

   It affects your intelligence (+5).
   It affects your dexterity (+3).
   It makes you more stealthy.
Jewellery
 i - the ring of the Imp {Wiz rF+}
   (You took it off a gnoll sergeant on level 8 of the Dungeon)

   [ring of wizardry]

   It improves your spell success rate.
   It protects you from fire.
 l - the ring of Plog (left hand) {*Tele Str+5 Int-3 Dex+4 Slay+3}
   (You bought it in a shop on level 6 of the Dungeon)

   [ring of teleportation]

   It may teleport you next to monsters.
   It affects your strength (+5).
   It affects your intelligence (-3).
   It affects your dexterity (+4).
   It affects your accuracy and damage with ranged weapons and melee attacks
   (+3).
 o - a +4 ring of evasion (right hand)
 N - a +6 amulet of reflection (around neck)
 R - an uncursed amulet of harm
Wands
 j - a wand of scattershot (6)
 t - a wand of flame (37)
 D - a wand of iceblast (15)
 I - a wand of enslavement (8)
 P - a wand of disintegration (6)
Scrolls
 a - 7 scrolls of remove curse
 d - 3 scrolls of teleportation
 e - 12 scrolls of identify
 g - 3 scrolls of fog
 k - 8 scrolls of immolation
 r - 4 scrolls of blinking {unknown}
 x - 2 scrolls of noise {unknown}
 z - a scroll of torment {unknown}
 B - 7 scrolls of fear {unknown}
 C - 5 scrolls of enchant weapon {unknown}
 E - 2 scrolls of magic mapping
 G - 6 scrolls of enchant armour {unknown}
 M - a scroll of acquirement {unknown}
 O - 4 scrolls of brand weapon {unknown}
 Q - a scroll of amnesia {unknown}
Potions
 b - a potion of ambrosia
 u - 2 potions of flight
 v - a potion of haste
 w - 4 potions of degeneration
 H - a potion of berserk rage
 L - 3 potions of mutation
 S - a potion of brilliance
Miscellaneous
 p - a sack of spiders
Comestibles
 f - 19 rations
 s - a chunk of flesh


   Skills:
 + Level 20.0 Fighting
 - Level 14.0 Maces & Flails
 + Level 17.5 Armour
 + Level 8.0 Dodging
 + Level 1.9 Stealth
 - Level 15.0 Shields
 + Level 0.8 Evocations


You had 14 spell levels left.
You didn't know any spells.
Your spell library contained the following spells:

 Spells                   Type           Power        Failure   Level  Hunger
 Beastly Appendage        Tmut           #.....       91%         1    ##.....
 Sandblast                Erth           #.....       91%         1    ##.....
 Shock                    Conj/Air       #...         91%         1    ##.....
 Sting                    Tmut/Pois      #...         91%         1    ##.....
 Passwall                 Tmut/Erth      #.......     97%         2    ###....
 Poisonous Vapours        Pois/Air       #.....       97%         2    ###....
 Sticks to Snakes         Tmut           #.......     97%         2    ###....
 Swiftness                Chrm/Air       #.......     97%         2    ###....
 Confusing Touch          Hex            #.......     100%        3    ####...
 Gell's Gravitas          Tloc           #.........   100%        3    ####...
 Ignite Poison            Fire/Tmut/Pois #.......     100%        3    ####...
 Mephitic Cloud           Conj/Pois/Air  #.......     100%        3    ####...
 Spider Form              Tmut/Pois      #.........   100%        3    ####...
 Static Discharge         Conj/Air       #.......     100%        3    ####...
 Stone Arrow              Conj/Erth      #.....       100%        3    ####...
 Airstrike                Air            #.........   100%        4    #####..
 Ice Form                 Ice/Tmut       #.......     100%        4    #####..
 Olgreb's Toxic Radiance  Pois           #.......     100%        4    #####..
 Petrify                  Tmut/Erth      #.......     100%        4    #####..
 Blade Hands              Tmut           #.........   100%        5    ######.
 Lee's Rapid Deconstruct  Erth           #.........   100%        5    ######.
 Lightning Bolt           Conj/Air       #.........   100%        5    ######.
 Metabolic Englaciation   Hex/Ice        #.........   100%        5    ######.
 Yara's Violent Unravell  Hex/Tmut       #.........   100%        5    ######.


Dungeon Overview and Level Annotations

Branches:
Dungeon (9/15)             Temple (1/1) D:5            Lair (6/6) D:8
 Shoals (0/4) Lair:3        Snake (4/4) Lair:2        Slime (0/5) Lair:5
  Sewer (visited)
    Orc: D:9-12

Altars:
Ashenzari
Cheibriados
Dithmenos
Elyvilon
Fedhas
Gozag
Hepliaklqana
Kikubaaqudgha
Makhleb
Nemelex Xobeh
Okawaru
Qazlal
Ru
Sif Muna
Trog
Uskayaw
Vehumet
Wu Jian
Xom
Yredelemnul
Zin
The Shining One
Beogh
Jiyva

Shops:
D:6 =   Snake:2 ?

Annotations:
D:6 exclusion: statue
Lair:1 exclusion: oklob plant


Innate Abilities, Weirdness & Mutations

You reflexively headbutt those who attack you in melee.
You have a pair of horns on your head.
You are partially covered in molten scales. (AC +2)
You have supernaturally acute eyesight. (SInv)
Your natural rate of healing is unusually fast.
You are weak. (Str -2)


Message History

You feel very sick.
* * * LOW HITPOINT WARNING * * *
You feel sick.
* * * LOW HITPOINT WARNING * * *
You feel sick.
* * * LOW HITPOINT WARNING * * *
You feel sick.
* * * LOW HITPOINT WARNING * * *
You feel sick.
* * * LOW HITPOINT WARNING * * *
You feel sick.
* * * LOW HITPOINT WARNING * * *
You feel sick.
* * * LOW HITPOINT WARNING * * *
You feel sick.
* * * LOW HITPOINT WARNING * * *
You feel sick.
* * * LOW HITPOINT WARNING * * *
You feel sick.
You die...

.# .# #. ###
#.#####.#
##.....##
#.#######
###....##.#
#.......#.#
#...#.....#@#
#.##.##.....#
#. ##
##.....# .
##...## #..##
.### #. .# .#


There were no monsters in sight!

Vanquished Creatures
  Asterion (Snake:2)
  3 nagarajas
  Donald (Snake:4)
  Louise (Snake:2)
  Fannar (Lair:3)
  An ice dragon (Lair:6)
  12 naga warriors
  5 hydras
  4 anacondas
  2 catoblepae
  7 naga sharpshooters
  14 death yaks
  2 shock serpents
  Nergalle (Lair:3)
  The ghost of Anaz the Cudgeler, a novice DgAE (D:8)
  A salamander mystic (Snake:3)
  The ghost of mora the Covert, a novice OpAs of Cheibriados (D:7)
  3 naga ritualists
  2 lindwurms (Lair:6)
  5 mana vipers
  7 salamanders
  8 elephants (Lair:6)
  30 black mambas
  13 naga magi
  6 torpor snails (Lair:6)
  8 guardian serpents
  3 rime drakes (Lair:6)
  19 spiny frogs
  3 komodo dragons
  2 trolls (D:9)
  4 tyrant leeches (Lair:6)
  6 hornets (Lair:6)
  16 blink frogs
  6 slime creatures (D:8)
  8 dream sheep
  5 hippogriffs
  13 yaks
  A wyvern (Lair:6)
  4 basilisks
  Grum (D:8)
  3 wargs (D:8)
  43 nagas
  7 water moccasins
  7 porcupines
  2 ice beasts
  4 sky beasts
  5 orc warriors
  3 black bears
  3 ogres
  3 phantoms
  12 wolves
  10 crocodiles
  2 centaurs
  2 big kobolds
  15 bullfrogs
  4 gnoll sergeants (D:8)
  A wyvern skeleton (D:8)
  3 scorpions
  23 killer bees
  6 wights
  An electric eel (Lair:5)
  4 howler monkeys
  2 crimson imps
  2 bullfrog zombies
  4 jellies
  A centaur zombie (D:6)
  7 hounds
  7 orc priests
  4 bullfrog skeletons
  Ijyb (D:5)
  A gnoll shaman (D:8)
  3 iguanas
  13 orc wizards
  A hell rat (Lair:6)
  9 worker ants
  Natasha (twice) (D:2)
  A hound zombie (D:7)
  A hound skeleton (D:4)
  A howler monkey zombie (D:9)
  3 worker ant zombies
  6 gnolls
  9 adders
  3 river rats (Sewer)
  4 oozes
  2 adder zombies
  2 adder skeletons (D:4)
  2 worms
  10 leopard geckos
  41 orcs
  10 giant cockroaches
  2 goblins
  4 hobgoblins
  17 jackals
  22 kobolds
  5 quokkas
  4 ball pythons
  4 bats
  4 frilled lizards
  26 rats
  2 plants (Lair:6)
636 creatures vanquished.

Vanquished Creatures (others)
  A naga warrior (Snake:3)
  4 fungi
  6 plants (D:8)
11 creatures vanquished.

Grand Total: 647 creatures vanquished

Notes
Turn   | Place    | Note
-------+----------+-------------------------------------------
     0 | D:1      | wub the Minotaur Fighter began the quest for the Orb.
     0 | D:1      | Reached XP level 1. HP: 19/19 MP: 0/0
   141 | D:1      | Reached XP level 2. HP: 22/27 MP: 1/1
   750 | D:2      | Reached XP level 3. HP: 27/33 MP: 2/2
   848 | D:2      | Found a shadowy altar of Dithmenos.
   892 | D:2      | Noticed Natasha
   897 | D:2      | Killed Natasha
   897 | D:2      | Reached skill level 4 in Fighting
   897 | D:2      | Reached XP level 4. HP: 32/40 MP: 3/3
   967 | D:2      | Found a sparkling altar of Nemelex Xobeh.
  1143 | D:2      | Found an ornate altar of the Wu Jian Council.
  1273 | D:2      | Became a worshipper of the Wu Jian Council
  1452 | D:2      | Noticed Natasha
  1456 | D:2      | Killed Natasha
  1577 | D:3      | Reached skill level 5 in Maces & Flails
  1593 | D:3      | Reached XP level 5. HP: 25/46 MP: 4/4
  1637 | D:3      | Found a white marble altar of Elyvilon.
  1637 | D:3      | Found a glowing golden altar of the Shining One.
  1637 | D:3      | Found a glowing silver altar of Zin.
  1837 | D:3      | Found an ancient bone altar of Kikubaaqudgha.
  1837 | D:3      | Found a snail-covered altar of Cheibriados.
  1916 | D:3      | Reached * piety under Wu Jian
  1922 | D:3      | Found a glowing drain.
  1925 | D:3      | Reached skill level 1 in Dodging
  1944 | Sewer    | Entered a sewer
  2131 | Sewer    | Reached ** piety under Wu Jian
  2313 | Sewer    | Reached XP level 6. HP: 46/52 MP: 5/5
  2402 | Sewer    | Got a dazzling falchion
  2402 | Sewer    | Identified the cursed +1 falchion of Abomination {vorpal,
                  | *Noise +Inv Int+6} (You found it in a sewer)
  2824 | D:3      | You fall into a shaft and drop 1 floor!
  3319 | D:4      | Reached skill level 5 in Shields
  3447 | D:4      | Reached *** piety under Wu Jian
  3503 | D:4      | Reached XP level 7. HP: 34/60 MP: 6/6
  3609 | D:4      | Reached skill level 5 in Armour
  4065 | D:5      | Entered Level 5 of the Dungeon
  4462 | D:4      | Reached XP level 8. HP: 25/67 MP: 7/7
  4791 | D:5      | Noticed Ijyb
  4811 | D:5      | Killed Ijyb
  4825 | D:5      | Reached skill level 5 in Fighting
  5165 | D:5      | Found a staircase to the Ecumenical Temple.
  5243 | D:5      | Found an opulent altar of Gozag.
  5309 | Temple   | Entered the Ecumenical Temple
  5433 | D:6      | Found the +2 cloak of the Thief {+Fog Slay-2 SInv Stlth+}
  5493 | D:6      | Reached skill level 10 in Maces & Flails
  5540 | D:6      | Found Tueduph's Jewellery Boutique.
  5546 | D:6      | Reached **** piety under Wu Jian
  5611 | D:6      | Reached XP level 9. HP: 51/74 MP: 8/8
  5647 | D:6      | Found a sacrificial altar of Ru.
  5794 | D:6      | Found a radiant altar of Vehumet.
  5842 | D:6      | You fall into a shaft and drop 2 floors!
  5842 | D:8      | Found a staircase to the Lair.
  5880 | D:8      | Found a transporter.
  6184 | D:7      | Reached skill level 6 in Fighting
  7088 | D:7      | Found a runed translucent gate.
  7089 | D:7      | Found a runed translucent gate.
  7089 | D:7      | Noticed mora's ghost (novice OpAs)
  7090 | D:7      | Found a roughly hewn altar of Beogh.
  7090 | D:7      | Found a runed translucent gate.
  7093 | D:7      | Identified the +8 plate armour "Wodghif" {Int+5 Dex+3
                  | Stlth+}
  7115 | D:7      | Killed mora's ghost
  7115 | D:7      | Reached XP level 10. HP: 64/84 MP: 9/9
  7601 | D:8      | Noticed Anaz's ghost (novice DgAE)
  7921 | D:8      | Reached skill level 7 in Fighting
  8200 | D:8      | Identified the +5 ring mail of Trumpets {Int+6}
  8205 | D:8      | Noticed Grum
  8258 | D:8      | Identified the ring of the Imp {Wiz rF+}
  8274 | D:8      | Found a transporter.
  8289 | D:8      | Reached ***** piety under Wu Jian
  8316 | D:8      | Killed Anaz's ghost
  8713 | D:8      | Killed Grum
  8871 | D:8      | Found a shimmering blue altar of Sif Muna.
  9011 | D:8      | Reached XP level 11. HP: 92/92 MP: 10/10
  9173 | D:9      | Reached skill level 10 in Shields
  9225 | D:9      | Reached skill level 8 in Fighting
  9369 | D:9      | Found a hazy altar of Hepliaklqana.
  9613 | D:9      | Identified the cursed +1 scale mail of Cohul {rN+} (You
                  | found it on level 9 of the Dungeon)
  9823 | Lair:1   | Entered Level 1 of the Lair of Beasts
  9892 | Lair:1   | Noticed an eight-headed hydra
  9906 | Lair:1   | Killed an eight-headed hydra
  9906 | Lair:1   | Reached skill level 9 in Fighting
  9924 | Lair:1   | Noticed a five-headed hydra
  9930 | Lair:1   | Killed a five-headed hydra
  9936 | Lair:1   | Reached skill level 10 in Armour
 10046 | Lair:1   | Reached skill level 10 in Fighting
 10447 | Lair:1   | Noticed an oklob plant
 10834 | D:6      | Bought the ring of Plog {*Tele Str+5 Int-3 Dex+4 Slay+3}
                  | for 516 gold pieces
 11059 | Lair:2   | Found a staircase to the Snake Pit.
 11106 | Lair:2   | Noticed a four-headed hydra
 11128 | Lair:2   | Killed a four-headed hydra
 11128 | Lair:2   | Reached XP level 12. HP: 99/108 MP: 11/11
 11175 | Lair:2   | Reached skill level 11 in Fighting
 11847 | Lair:3   | Noticed Fannar
 11855 | Lair:3   | Killed Fannar
 12026 | Lair:3   | Noticed Nergalle
 12077 | Lair:3   | Killed Nergalle
 12152 | Lair:3   | Reached skill level 12 in Fighting
 12299 | Lair:3   | Found a staircase to the Shoals.
 12721 | Lair:4   | Found a gate leading to a gauntlet.
 12745 | Lair:4   | Reached ****** piety under Wu Jian
 12789 | Lair:4   | Reached skill level 13 in Fighting
 13013 | Lair:4   | Reached skill level 15 in Shields
 13633 | Lair:5   | Noticed a catoblepas
 13644 | Lair:5   | Killed a catoblepas
 13644 | Lair:5   | Reached XP level 13. HP: 117/123 MP: 12/12
 13797 | Lair:5   | Reached skill level 14 in Fighting
 14145 | Lair:5   | Reached skill level 15 in Fighting
 14515 | Lair:5   | Found a viscous altar of Jiyva.
 14516 | Lair:5   | Found a staircase to the Slime Pits.
 14539 | Lair:5   | Reached skill level 16 in Fighting
 14770 | Lair:6   | Entered Level 6 of the Lair of Beasts
 15478 | Lair:6   | Found a runed translucent door.
 15606 | Lair:6   | Reached skill level 17 in Fighting
 15638 | Lair:6   | Reached XP level 14. HP: 71/140 MP: 13/13
 16008 | Lair:6   | Reached skill level 5 in Dodging
 16576 | Snake:1  | Entered Level 1 of the Snake Pit
 16591 | Lair:2   | Reached skill level 1 in Stealth
 17137 | Snake:1  | Reached skill level 18 in Fighting
 17801 | Snake:1  | Reached skill level 15 in Armour
 18164 | Snake:2  | Noticed a nagaraja
 18169 | Snake:2  | Noticed Asterion
 18171 | Snake:2  | Noticed a balrug
 18277 | Snake:2  | Noticed Louise
 18290 | Snake:2  | Killed Louise
 18298 | Snake:2  | Found Otha's Magic Scroll Shoppe.
 19424 | Snake:2  | Killed a nagaraja
 19424 | Snake:2  | Reached XP level 15. HP: 146/150 MP: 14/14
 19768 | Snake:2  | Killed Asterion
 19776 | Snake:2  | Reached skill level 19 in Fighting
 20824 | Snake:3  | Noticed a nagaraja
 20843 | Snake:3  | Killed a nagaraja
 20866 | Snake:3  | You fall into a shaft and drop 1 floor!
 20866 | Snake:4  | Entered Level 4 of the Snake Pit
 20872 | Snake:4  | HP: 7/152 [poisoned by a naga mage (bolt of poison)]
 20877 | Snake:4  | Gained mutation: You have supernaturally acute eyesight.
                  | (SInv) [potion of mutation]
 20877 | Snake:4  | Gained mutation: You are weak. (Str -2) [potion of
                  | mutation]
 20877 | Snake:4  | Gained mutation: You are partially covered in molten
                  | scales. (AC +2) [potion of mutation]
 20877 | Snake:4  | Gained mutation: Your natural rate of healing is unusually
                  | fast. [potion of mutation]
 20877 | Snake:4  | HP: 4/152 [poisoned by a naga mage (bolt of poison)]
 20882 | Snake:4  | HP: 2/152 [poisoned by a naga mage (bolt of poison)]
 20887 | Snake:4  | HP: 2/152 [poisoned by a naga mage (bolt of poison)]
 20893 | Snake:4  | HP: 4/152 [poisoned by a naga mage (bolt of poison)]
 20899 | Snake:4  | HP: 6/152 [poisoned by a naga mage (bolt of poison)]
 21070 | Snake:4  | Noticed Donald
 21101 | Snake:4  | Killed Donald
 22096 | Snake:4  | Noticed a nagaraja
 22160 | Snake:4  | Killed a nagaraja
 22160 | Snake:4  | Reached skill level 20 in Fighting
 22201 | Snake:4  | HP: 7/155 [poisoned by a naga warrior]
 22205 | Snake:4  | HP: 3/155 [poisoned by a naga warrior]
 22208 | Snake:4  | HP: 1/155 [poisoned by a naga warrior]
 22209 | Snake:4  | Succumbed to a naga warrior's poison

Levels and vault maps discovered:
D:1:      zaba_arrival_water, layout_basic
D:2:      layout_loops_ring, nemelex_xobeh_ov_fountains_minmay,
          lemuel_coloured_pillars_altar, old_standard_altar, feat_on_display,
          uniq_natasha
D:3:      minmay_diamond_boxcup, layout_loops_ring, good_gods_mini_temple,
          gammafunk_temple_overflow_elements, gup_sewer_entry_pipe
D:4:      layout_loops_corners, minmay_misc_feat_secret_circle,
          minmay_misc_feat_four_crosses
D:5:      layout_cave_pools, kennysheep_little_box,
          minmay_temple_entry_overgrown, first_ration, uniq_ijyb
D:6:      layout_gridville, vehumet_statue, nicolae_ru_awakened_eye,
          serial_shops, shop, kennysheep_dice
D:7:      layout_cave_pools, biasface_ghost_orc_armoury
D:8:      layout_cave_pools, led_sif_book, erik_lair_orcish_takeover,
          gammafunk_ghost_gnarly_gnolls
D:9:      layout_rooms, old_standard_altar
Temple:   kb_temple_of_zot
Lair:1:   layout_regular_city, minmay_lair_oklob_bushes,
          infiniplex_staircase_pool
Lair:2:   layout_chaotic_city, guppyfry_snake_entry_garden
Lair:3:   layout_regular_city, shoals_dummy_entry, uniq_fannar, uniq_nergalle
Lair:4:   layout_concentric_octagons, gauntlet_entry_generic,
          grunt_megastairs_5, infiniplex_staircase_pool_2
Lair:5:   layout_regular_city, slime_altar_1, fungi_pond_lemuel
Lair:6:   wormcave, layout_cave_pods, hangedman_lair_in_review
Snake:1:  layout_honeycomb, grunt_ministairs_15
Snake:2:  layout_onion_interference, serial_shops, shop, grunt_ministairs_7,
          lemuel_fruit_tree, uniq_asterion, uniq_louise
Snake:3:  layout_cave_town
Snake:4:  johnstein_snake_rune_scales, layout_chambers, uniq_donald,
          uniq_saint_roka

Skill      XL: |  1  2  3  4  5  6  7  8  9 10 11 12 13 14 15 |
---------------+----------------------------------------------+-----
Maces & Flails | 3 4 5 6 7 8 10 12 13 14 | 14.0
Fighting       | 4 5 6 7 10 13 17 18 20 | 20.0
Shields        | 4 5 6 8 9 12 15 | 15.0
Armour         | 4 6 7 8 9 10 11 14 15 17 | 17.5
Dodging        | 1 2 3 4 7 8 |  8.0
Stealth        | 1 |  1.9
Evocations     | |  0.8

Action                   |  1- 3 |  4- 6 |  7- 9 | 10-12 | 13-15 || total
-------------------------+-------+-------+-------+-------+-------++-------
Melee: Flail             |    69 |    73 |       |   692 |  1026 ||  1860
       Headbutt          |     7 |    48 |    71 |   187 |   373 ||   686
       Mace              |       |   209 |   411 |    41 |       ||   661
Invok: Lunge             |       |    11 |    16 |    33 |    51 ||   111
       Whirlwind         |       |     5 |    11 |    14 |    20 ||    50
       Serpent's Lash    |       |       |       |     1 |       ||     1
 Abil: Evoke Berserk Rag |       |       |       |     1 |       ||     1
  Use: Scroll            |       |     5 |     2 |    12 |     9 ||    28
       Potion            |       |       |     6 |    15 |    20 ||    41
 Stab: Invisible         |       |       |       |     3 |       ||     3
  Eat: Chunk             |       |     4 |    10 |     7 |     4 ||    25
       Ration            |       |     2 |       |     5 |     7 ||    14
Armor: Scale mail        |    10 |       |       |       |       ||    10
       Chain mail        |    40 |   136 |   175 |       |       ||   351
       Plate armour      |       |       |    49 |   271 |   279 ||   599
       Skin              |       |       |       |       |    71 ||    71
Dodge: Dodged            |     7 |    67 |    97 |   134 |   258 ||   563
Block: Kite shield       |    42 |   151 |   226 |   548 |   919 ||  1886
       Reflection        |       |       |       |       |    91 ||    91

Table legend:
 A = Non-vault XP
 B = Vault XP
 C = Vault XP percentage of total XP
 D = Non-vault monster count
 E = Vault monster count
 F = Vault count percentage of total count
                 A         B        C        D         E       F
            +---------+---------+-------+---------+---------+-------
      Total |  106905 |   39838 |  27.1 |     470 |     165 |  26.0
            +---------+---------+-------+---------+---------+-------
        D:1 |      29 |       0 |   0.0 |       7 |       0 |   0.0
        D:2 |      90 |      32 |  26.2 |      22 |       1 |   4.3
        D:3 |      93 |      33 |  26.2 |      21 |      15 |  41.7
        D:4 |     750 |       0 |   0.0 |      28 |       0 |   0.0
        D:5 |     939 |      38 |   3.9 |      18 |       1 |   5.3
        D:6 |    1243 |      20 |   1.6 |      35 |       2 |   5.4
        D:7 |    1009 |    1062 |  51.3 |      20 |      11 |  35.5
        D:8 |    3114 |    2368 |  43.2 |      29 |      22 |  43.1
        D:9 |    2992 |       0 |   0.0 |      48 |       0 |   0.0
     Lair:1 |    6176 |       0 |   0.0 |      23 |       0 |   0.0
     Lair:2 |    4796 |    4850 |  50.3 |      19 |      10 |  34.5
     Lair:3 |    5088 |    1813 |  26.3 |      21 |       2 |   8.7
     Lair:4 |    3167 |     193 |   5.7 |      13 |       1 |   7.1
     Lair:5 |   15898 |       0 |   0.0 |      31 |       0 |   0.0
     Lair:6 |    7319 |   16625 |  69.4 |      24 |      38 |  61.3
    Snake:1 |   11721 |       0 |   0.0 |      25 |       0 |   0.0
    Snake:2 |   14414 |    5784 |  28.6 |      26 |       6 |  18.8
    Snake:3 |   24655 |       0 |   0.0 |      53 |       0 |   0.0
    Snake:4 |    3412 |    6786 |  66.5 |       7 |       8 |  53.3
      Sewer |       0 |     234 | 100.0 |       0 |      48 | 100.0
            +---------+---------+-------+---------+---------+-------
